 Dungeon Crawl Stone Soup version 0.30-a0-613-gdd512c7efb (webtiles) character file.

Game seed: 10974464092763447686

3778 acebull12 the Cleaver (level 10, 0/136 HPs)
             Began as a Hill Orc Fighter on Jan 9, 2023.
             Was a Follower of Beogh.
             Slain by a boulder beetle (19 damage)
             ... on level 8 of the Dungeon.
             The game lasted 00:20:51 (7201 turns).

acebull12 the Cleaver (Hill Orc Fighter)            Turns: 7201, Time: 00:20:52

Health: 0/136      AC: 29    Str: 21    XL:     10   Next: 16%
Magic:  0/13       EV:  2    Int:  9    God:    Beogh [*.....]
Gold:   408        SH:  5    Dex: 14    Spells: 12/13 levels left

rFire   . . .      SeeInvis .    a - +0 war axe
rCold   . . .      Faith    .    c - +0 buckler
rNeg    . . .      Spirit   +    (body armour currently unavailable)
rPois   +          Reflect  .    (helmet currently unavailable)
rElec   .          Harm     .    (cloak currently unavailable)
rCorr   +          Rampage  .    (gloves currently unavailable)
Will    .....      NoTele   +    (boots currently unavailable)
Stlth   ++                       h - amulet of guardian spirit
HPRegen 1.22/turn                J - ring of resist corrosion
MPRegen 0.13/turn                H - +4 ring of protection

@: tree-form (expiring)
A: stationary, stasis, torment immunity, boosted hp, (large bone plates 1),
agile 1, regeneration 1
a: Renounce Religion


You were on level 8 of the Dungeon.
You worshipped Beogh.
Beogh was aware of your devotion.
You were a tree.
You visited 1 branch of the dungeon, and saw 8 of its levels.
You also visited: Ossuary.

You collected 408 gold pieces.

Inventory:

Hand Weapons
 a - a +0 war axe (weapon)
Missiles
 i - 57 stones (quivered)
Armour
 c - a +0 buckler (worn)
 d - +0 steam dragon scales (melded)
 v - a +1 pair of gloves (melded)
 G - a +0 cloak (melded)
Jewellery
 h - an amulet of guardian spirit (around neck)
 t - a ring of ice
 z - a ring of wizardry
 H - a +4 ring of protection (right branch)
 J - a ring of resist corrosion (left branch)
Wands
 y - a wand of charming (12)
 F - a wand of flame (26)
Scrolls
 g - 3 scrolls of magic mapping
 j - 3 scrolls of enchant weapon {unknown}
 k - 2 scrolls of silence {unknown}
 n - a scroll of enchant armour {unknown}
 o - 2 scrolls of fog {unknown}
 s - 2 scrolls of blinking {unknown}
 u - a scroll of butterflies {unknown}
 x - a scroll of teleportation {unknown}
 A - a scroll of acquirement {unknown}
 C - 2 scrolls of noise {unknown}
 E - 2 scrolls of immolation {unknown}
 I - a scroll of fear {unknown}
Potions
 b - a potion of berserk rage {unknown}
 e - 3 potions of might
 f - a potion of ambrosia
 l - 3 potions of lignification
 m - 4 potions of resistance
 p - 3 potions of mutation
 r - 5 potions of haste
 w - 2 potions of flight
 B - a potion of curing
 D - a potion of attraction


   Skills:
 * Level 9.1 Fighting
 + Level 11.1 Axes
 + Level 4.7 Armour
 + Level 3.6 Dodging
 + Level 2.0 Stealth
 + Level 5.6 Shields
 * Level 2.1 Spellcasting
 * Level 2.7 Hexes
 * Level 4.1 Invocations


You had 12 spell levels left.
You knew the following spells:

 Your Spells              Type           Power      Damage    Failure   Level
a - Slow                  Hex            20%        N/A       14%         1

Your spell library contained the following spells:

 Spells                   Type           Power      Damage    Failure   Level
 Confusing Touch          Hex            5%         N/A       38%         3
 Vampiric Draining        Necr           0%         2d6       77%         3
 Passage of Golubria      Tloc           0%         N/A       99%         4
 Silence                  Hex/Air        1%         N/A       100%        5
 Lehudib's Crystal Spear  Conj/Erth      0%         10d2      100%        8


Dungeon Overview and Level Annotations

Branches:
Dungeon (8/15)               Lair (0/5) D:8         Ossuary (visited)
 Temple: D:4-7

Altars:
Cheibriados
Elyvilon
Fedhas
Hepliaklqana
Kikubaaqudgha
Makhleb
Xom
Yredelemnul
The Shining One

Annotations:
D:4 1 runed translucent door, benadryl's ghost, novice GnCj


Innate Abilities, Weirdness & Mutations

You are a tree.
Your roots penetrate the ground, keeping you stationary.
You cannot be teleported.
You are immune to unholy pain and torment.
Your maximum health is greatly increased.
Your equipment is partially melded.
((You are partially covered in large bone plates. (SH +4)))
You are agile. (Dex +4, Str/Int -1)
Your natural rate of healing is unusually fast.


Message History

The boulder beetle bites you.
You hit the boulder beetle but do no damage.
The boulder beetle is heavily wounded.
The boulder beetle bites you.
Okay, then.
Really quaff the potion of lignification?
You turn into a tree.
Your +0 cloak melds into your body.
Your +1 pair of gloves melds into your body.
Your +0 steam dragon scales melds into your body.
Your roots penetrate the ground.
The boulder beetle bites you!
* * * LOW HITPOINT WARNING * * *
You hit the boulder beetle.
The boulder beetle is heavily wounded.
The boulder beetle barely misses you.
You hit the boulder beetle but do no damage.
The boulder beetle is heavily wounded.
The boulder beetle bites you!
* * * LOW HITPOINT WARNING * * *
You hit the boulder beetle but do no damage.
The boulder beetle is heavily wounded.
The boulder beetle bites you!
* * * LOW HITPOINT WARNING * * *
You hit the boulder beetle but do no damage.
The boulder beetle is heavily wounded.
The boulder beetle bites you!
* * * LOW HITPOINT WARNING * * *
You hit the boulder beetle but do no damage.
The boulder beetle is heavily wounded.
The boulder beetle bites you but does no damage.
You slash the boulder beetle!
The boulder beetle is heavily wounded.
The boulder beetle leaps!
You cannot move.
You start resting.
Your transformation is almost over.
A boulder beetle is nearby!
A boulder beetle is nearby!
The boulder beetle curls into a ball and begins rolling!
The boulder beetle hits you!!
You die...

###....# #..#
.......#######..####
#.......##....... S
#....#..........# .^
##...####..###..##
.. #...## #..# ..#
###. ##...# #.## ..#
..... #....# ..# #.#
......#B♣.## #..# ..
......○...# #..# ..
......#...# #.##
......##..# .....
#.... ... #..##. ..
...# # . ..## .##


You could see a boulder beetle (rolling).

Vanquished Creatures
  Maurice (D:8)
  A hornet (D:8)
  A troll (D:8)
  Sigmund (D:2)
  A wyvern (D:8)
  A steam dragon (D:4)
  An acid dragon (D:8)
  2 water moccasins
  A black bear (D:7)
  An ice beast (D:8)
  A sky beast (D:6)
  A wolf (D:8)
  2 ogres
  2 phantoms (D:5)
  2 kobold brigands
  4 necrophages (D:6)
  A bullfrog (D:7)
  6 water moccasin zombies
  3 wights
  2 bullfrog zombies (D:6)
  A centaur zombie (D:6)
  A gnoll bouda (D:8)
  2 hounds (D:4)
  A human zombie (D:6)
  3 iguanas
  An orc wizard (D:3)
  3 mummies
  A howler monkey zombie (D:6)
  7 gnolls
  8 adders
  2 white imps
  An ufetubus (D:4)
  A worm (D:2)
  5 adder zombies (Ossuary)
  2 dart slugs
  21 orcs
  3 endoplasms
  3 giant cockroaches (D:1)
  5 gnoll zombies (Ossuary)
  4 hobgoblins
  10 jackals
  14 kobolds
  3 quokkas
  7 ball pythons
  2 bats
  2 frilled lizards
  9 goblins
  5 hobgoblin zombies (Ossuary)
  4 kobold zombies (Ossuary)
  4 orc zombies (Ossuary)
  A rat (D:1)
  A spectral orc (D:6)
172 creatures vanquished.

Vanquished Creatures (others)
  4 demonic plants (D:3)
  2 plants (D:5)
6 creatures vanquished.

Grand Total: 178 creatures vanquished

Notes
Turn   | Place    | Note
-------+----------+-------------------------------------------
     0 | D:1      | acebull12 the Hill Orc Fighter began the quest for the Orb.
     0 | D:1      | Reached XP level 1. HP: 19/19 MP: 1/1
    76 | D:1      | Reached XP level 2. HP: 26/27 MP: 2/2
   409 | D:1      | Reached skill level 3 in Axes
   442 | D:1      | Reached XP level 3. HP: 33/33 MP: 3/3
   882 | D:2      | Noticed Sigmund
   942 | D:2      | Killed Sigmund
   943 | D:2      | Reached skill level 5 in Fighting
   943 | D:2      | Reached skill level 5 in Axes
   943 | D:2      | Reached XP level 4. HP: 42/42 MP: 4/4
   943 | D:2      | Reached XP level 5. HP: 48/48 MP: 5/5
  1589 | D:3      | Reached XP level 6. HP: 54/56 MP: 6/6
  2312 | D:3      | Reached skill level 1 in Dodging
  2617 | D:3      | Found a hazy altar of Hepliaklqana.
  2646 | D:3      | Found a glowing golden altar of the Shining One.
  2871 | D:4      | Noticed a steam dragon
  2938 | D:4      | Killed a steam dragon
  2939 | D:4      | Reached skill level 6 in Axes
  2939 | D:4      | Reached XP level 7. HP: 35/62 MP: 3/7
  3036 | D:4      | Found a burning altar of Makhleb.
  3092 | D:4      | Noticed benadryl's ghost (novice GnCj)
  3109 | D:4      | Found a runed translucent door.
  3596 | D:5      | Entered Level 5 of the Dungeon
  3658 | D:5      | Found a sand-covered staircase.
  3663 | Ossuary  | Entered an ossuary
  3785 | Ossuary  | Reached skill level 7 in Axes
  3828 | Ossuary  | Reached XP level 8. HP: 64/71 MP: 5/8
  4282 | D:5      | Reached skill level 8 in Axes
  4282 | D:5      | Reached skill level 1 in Stealth
  4470 | D:5      | Gained mutation: You are agile. (Dex +4, Str/Int -1)
                  | [potion of mutation]
  4470 | D:5      | Gained mutation: You are partially covered in large bone
                  | plates. (SH +4) [potion of mutation]
  4470 | D:5      | Gained mutation: Your natural rate of healing is unusually
                  | fast. [potion of mutation]
  5085 | D:5      | Found a snail-covered altar of Cheibriados.
  5085 | D:5      | Found a shimmering altar of Xom.
  5336 | D:6      | Became a worshipper of Beogh the Brigand
  5415 | D:6      | Found a white marble altar of Elyvilon.
  5526 | D:6      | Reached skill level 9 in Axes
  5629 | D:6      | Reached XP level 9. HP: 81/81 MP: 9/9
  5631 | D:6      | Learned a level 1 spell: Slow
  5658 | D:6      | Reached skill level 1 in Invocations
  5676 | D:6      | Found an ancient bone altar of Kikubaaqudgha.
  5685 | D:6      | Reached skill level 5 in Shields
  5698 | D:6      | Reached skill level 1 in Hexes
  5993 | D:6      | Found a basalt altar of Yredelemnul.
  6066 | D:6      | Found a blossoming altar of Fedhas.
  6171 | D:7      | Reached * piety under Beogh
  6200 | D:7      | Reached skill level 1 in Spellcasting
  6252 | D:7      | Reached skill level 10 in Axes
  6310 | D:7      | Noticed a hornet
  6340 | D:8      | Killed a hornet
  6736 | D:8      | Noticed a troll
  6768 | D:8      | Killed a troll
  6769 | D:8      | Reached XP level 10. HP: 37/90 MP: 1/12
  6778 | D:8      | Reached ** piety under Beogh
  6861 | D:8      | Found a staircase to the Lair.
  6903 | D:8      | Noticed Maurice
  6945 | D:8      | Killed Maurice
  6946 | D:8      | Reached skill level 11 in Axes
  7161 | D:8      | Noticed a boulder beetle
  7201 | D:8      | Slain by a boulder beetle

Illustrated notes

Levels and vault maps discovered:
D:1:      minmay_arrival_split_and_join, layout_loops_ring,
          serial_park_tiny_pond, dreamdust_wishing_well, serial_bayou_lake_a
D:2:      layout_loops_cross, minmay_stone_trees_medium,
          kennysheep_cluttered_room, hex_tiny, uniq_sigmund
D:3:      layout_basic, mainiacjoe_overflow_surrounded_room,
          worldfamousw_hep_ancestral_shrine, dreamdust_princess_corridor,
          minmay_starry_boxes
D:4:      layout_cave_pools, bloody_makhleb, hellmonk_ghost_happy_afterlife
D:5:      layout_layer_cave, gammafunk_temple_overflow_wave, enter_ossuary_2,
          serial_bayou_ford_a, chequers_serial_rivers_small_a
D:6:      layout_rooms, lemuel_mausoleum_altar_kikubaaqudgha,
          yredelemnul_forgotten_temple_becter, lemuel_round_altar,
          lemuel_round_altar, serial_park_tiny_pond
D:7:      layout_basic, temple_hall, hellmonk_guarded_unrand_lears
D:8:      layout_layer_cave, erik_lair_island, uniq_prince_ribbit1, uniq_maurice

Skill      XL: |  1  2  3  4  5  6  7  8  9 10 |
---------------+-------------------------------+-----
Fighting       | 4 5 6 7 8 9 |  9.1
Axes           | 3 5 6 7 9 10 11 | 11.1
Armour         | 4 |  4.7
Dodging        | 1 2 3 |  3.6
Shields        | 4 5 |  5.6
Stealth        | 1 2 |  2.0
Invocations    | 3 4 |  4.1
Hexes          | 2 |  2.7
Spellcasting   | 1 2 |  2.1

Action                   |  1- 3 |  4- 6 |  7- 9 | 10-12 || total
-------------------------+-------+-------+-------+-------++-------
Melee: War axe           |    76 |   135 |   475 |    79 ||   765
 Cast: Slow              |       |       |     1 |       ||     1
Invok: Convert to Beogh  |       |       |     1 |       ||     1
  Use: Potion            |       |     1 |     5 |     2 ||     8
       Scroll            |       |       |    10 |       ||    10
 Stab: Sleeping          |       |       |     5 |       ||     5
Armor: Scale mail        |    30 |    54 |     1 |       ||    85
       Steam dragon scal |       |       |   143 |    14 ||   157
       Skin              |       |       |    13 |     7 ||    20
Dodge: Dodged            |    40 |    57 |   227 |    28 ||   352
Block: Buckler           |    15 |    37 |   171 |    20 ||   243

Table legend: (Time is in decaauts)
 A = Elapsed time spent in this place.
 B = Non-inter-level travel time spent in this place.
 C = Inter-level travel time spent in this place.
 D = Time resting spent in this place.
 E = Time spent auto-exploring this place.
 F = Levels seen in this place.
 G = Mean time per level.
                   A        B        C        D        E       F      G
               +--------+--------+--------+--------+--------+-----+--------+
         Total |   7382 |   7027 |    355 |    340 |   4740 |   9 |  820.2 |
       Dungeon |   7086 |   6731 |    355 |    292 |   4723 |   8 |  885.8 |
       Ossuary |    295 |    295 |      0 |     48 |     17 |   1 |  295.0 |
               +--------+--------+--------+--------+--------+-----+--------+

Top non-repeatable levels by time:
     D:5: 1465 daAuts
     D:3: 1331 daAuts
     D:1: 977 daAuts
     D:8: 850 daAuts
     D:6: 817 daAuts
     D:2: 744 daAuts
     D:4: 681 daAuts
 Ossuary: 295 daAuts
     D:7: 218 daAuts
